 Dungeon Crawl Stone Soup version 0.29.1-15-g9cfb28693d (webtiles) character file.

Game seed: 397048175205445117

571 ChickenMitten the Shield-Bearer (level 7, -5/55 HPs)
             Began as a Formicid Fighter on Apr 2, 2023.
             Slain by an ogre
             ... wielding a +0 giant spiked club
              (12 damage)
             ... on level 5 of the Dungeon.
             The game lasted 00:07:44 (5106 turns).

ChickenMitten the Shield-Bearer (Formicid Fighter)  Turns: 5106, Time: 00:07:45

Health: -5/55      AC: 11    Str: 22    XL:     7   Next: 60%
Magic:  7/7        EV:  7    Int:  8    God:
Gold:   235        SH:  5    Dex: 13    Spells: 6/6 levels left

rFire   . . .      SeeInvis +   s - +3 hand axe
rCold   + . .      Faith    .   c - +0 buckler
rNeg    . . .      Spirit   .   C - +2 chain mail {rC+}
rPois   .          Reflect  .   (helmet unavailable)
rElec   .          Harm     .   (no cloak)
rCorr   .          Rampage  .   (no gloves)
Will    .....                   (no boots)
Stlth   ..........              (no amulet)
HPRegen 0.18/turn               (no ring)
MPRegen 0.10/turn               (no ring)

@: mighty
A: permanent stasis, dig shafts and tunnels, antennae 3, four strong arms
a: Dig, Shaft Self


You were on level 5 of the Dungeon.
You visited 1 branch of the dungeon, and saw 5 of its levels.

You collected 235 gold pieces.

Inventory:

Hand Weapons
 a - a +0 war axe
 s - a +3 hand axe (weapon)
Missiles
 o - 21 poisoned darts
Armour
 b - a +0 scale mail
 c - a +0 buckler (worn)
 m - a +0 chain mail
 C - a +2 chain mail of cold resistance (worn)
Jewellery
 j - a +6 ring of intelligence
Wands
 A - a wand of flame (20)
Scrolls
 f - a scroll of poison {unknown}
 g - 8 scrolls of identify {unknown}
 h - a scroll of immolation {unknown}
 i - 4 scrolls of teleportation
 p - 3 scrolls of blinking {unknown}
 q - a scroll of enchant weapon {unknown}
 w - a scroll of magic mapping {unknown}
 x - a scroll of summoning {unknown}
 y - 2 scrolls of butterflies {unknown}
Potions
 e - 3 potions of flight {unknown}
 k - a potion of berserk rage {unknown}
 l - 3 potions of curing
 n - a potion of resistance {unknown}
 r - a potion of mutation {unknown}
 t - a potion of brilliance {unknown}
 u - a potion of degeneration {unknown}
 v - a potion of cancellation {unknown}
 z - a potion of lignification {unknown}
 B - 2 potions of haste {unknown}


   Skills:
 * Level 4.8 Fighting
 * Level 5.3 Axes
 * Level 5.3 Armour
 * Level 5.3 Shields


You had 6 spell levels left.
You didn't know any spells.
Your spell library was empty.

Dungeon Overview and Level Annotations

Branches:
Dungeon (5/15)
 Temple: D:4-7

Altars:
Nemelex Xobeh
Yredelemnul

Shops:
D:2 =([:(   D:4 *

Annotations:
D:3 1 runed translucent door, Crazy Yiuf


Innate Abilities, Weirdness & Mutations

You cannot be hasted, slowed, berserked, paralysed or teleported.
You can dig through walls and to a lower floor.
You have a pair of large antennae on your head. (SInv)
Your four strong arms can wield two-handed weapons with a shield.


Message History

Duvessa hits you but does no damage.
You hit Duvessa.
Duvessa is almost dead.
Duvessa hits you but does no damage. You block Duvessa's attack.
You barely miss Duvessa.
Duvessa is almost dead.
Duvessa hits you with a +0 rapier!
* * * LOW HITPOINT WARNING * * *
You block Duvessa's attack.
You barely miss Duvessa.
Duvessa is almost dead.
Duvessa barely misses you.
The ogre shouts!
You hit Duvessa.
Duvessa is almost dead.
Duvessa closely misses you. You block Duvessa's attack.
You barely miss Duvessa.
Duvessa is almost dead.
Duvessa hits you with a +0 rapier.
* * * LOW HITPOINT WARNING * * *
Duvessa barely misses you.
You closely miss Duvessa.
Duvessa is almost dead.
Duvessa barely misses you.
You slash Duvessa!
You kill Duvessa!
You slash the hound!
The hound is heavily wounded.
The hound bites you but does no damage. You block the hound's attack.
There are monsters nearby!
It was a potion of curing.
You feel better. The hound bites you but does no damage.
You closely miss the hound.
The hound is heavily wounded.
The hound bites you but does no damage. x2
You closely miss the hound.
The hound is heavily wounded.
You hit the ogre. The hound barely misses you.
The ogre hits you with a +0 giant spiked club!
You die...

....## ########.......#
....$. ..)......#.#.#..
.#.###########)........##
..!. ..................###
###.#
#.#####......##.....## ..
#........>.#.##.... .#
.....#####.##.#...[.###.#.
### ###O<..#......{...#
#.@....#...##.#.#..
#h####.#.<.##.#.##.
....###.##.###.#....
###.........# #.##...
#...###.#####.##...
.................#.
....############### .. { #


You could see an ogre and a hound.

Vanquished Creatures
  Duvessa (D:5)
  Dowan (D:5)
  2 orc priests (D:2)
  2 hounds
  An iguana (D:5)
  3 orc wizards
  6 gnolls
  5 adders
  3 worms
  8 orcs
  5 endoplasms
  A giant cockroach (D:3)
  6 goblins (D:4)
  10 hobgoblins
  6 jackals
  2 quokkas
  6 ball pythons
  4 bats
  A frilled lizard (D:3)
  7 kobolds
  6 rats
86 creatures vanquished.

Notes
Turn   | Place    | Note
-------+----------+-------------------------------------------
     0 | D:1      | ChickenMitten the Formicid Fighter began the quest for the
                  | Orb.
     0 | D:1      | Reached XP level 1. HP: 18/18 MP: 1/1
   266 | D:1      | Reached XP level 2. HP: 21/24 MP: 2/2
  1033 | D:1      | Reached XP level 3. HP: 29/29 MP: 3/3
  1216 | D:1      | Reached XP level 4. HP: 37/37 MP: 4/4
  1533 | D:2      | Found Caibru Lida's Antique Armour Emporium.
  1543 | D:2      | Found Axovudgh's Antique Weapon Boutique.
  1555 | D:2      | Found Peoc's Jewellery Boutique.
  1606 | D:2      | Found Ahedaemn's Book Shop.
  1677 | D:2      | Found Tyemoodi's Weapon Emporium.
  1863 | D:3      | Reached XP level 5. HP: 36/42 MP: 5/5
  2510 | D:3      | Reached XP level 6. HP: 45/48 MP: 6/6
  2571 | D:3      | Found a basalt altar of Yredelemnul.
  3056 | D:3      | Found a runed translucent door.
  3057 | D:3      | Noticed Crazy Yiuf
  4040 | D:3      | Reached skill level 5 in Shields
  4372 | D:4      | Found Synlej's Superlative Supplies.
  4546 | D:4      | Reached skill level 5 in Armour
  4554 | D:5      | Entered Level 5 of the Dungeon
  4590 | D:5      | Noticed Duvessa
  4590 | D:5      | Noticed Dowan
  4668 | D:5      | Reached XP level 7. HP: 44/55 MP: 7/7
  4795 | D:4      | Found a sparkling altar of Nemelex Xobeh.
  5089 | D:5      | Killed Dowan
  5090 | D:5      | Reached skill level 5 in Axes
  5100 | D:5      | HP: 1/55 [Duvessa/+0 rapier (3)]
  5102 | D:5      | Killed Duvessa
  5106 | D:5      | Slain by an ogre

Illustrated notes

Levels and vault maps discovered:
D:1:      wheals_arrival_shading, layout_loops_corners
D:2:      layout_rooms, serial_shops, shop, nicolae_shop_trees, shop,
          nicolae_shop_advertising_works [nicolae_subvault_shop_adworks],
          nicolae_shop_hallway_plus
D:3:      layout_basic, mainiacjoe_overflow_boulevard, minmay_misc_feat_square,
          uniq_crazy_yiuf_cottage
D:4:      minmay_goblin_kobold_castle, layout_rooms,
          nemelex_diamond_rough_becter, chequers_serial_rivers_small_b,
          nicolae_alphabet_shops
D:5:      layout_basic, serial_shops, shop, serial_glass, glass_columns_a,
          glass_columns_b, uniq_grinder, uniq_duvessa

Skill      XL: |  1  2  3  4  5  6  7 |
---------------+----------------------+-----
Axes           | 3 4 5 |  5.3
Armour         | 4 5 |  5.3
Fighting       | 4 |  4.8
Shields        | 5 |  5.3

Action                   |  1- 3 |  4- 6 |  7- 9 || total
-------------------------+-------+-------+-------++-------
Melee: War axe           |    54 |    95 |       ||   149
       Hand axe          |       |    89 |    46 ||   135
  Use: Scroll            |     1 |       |       ||     1
       Potion            |       |       |     2 ||     2
Armor: Scale mail        |    19 |       |       ||    19
       Chain mail        |     7 |   125 |    27 ||   159
Dodge: Dodged            |    28 |   100 |    13 ||   141
Block: Buckler           |    14 |    51 |    10 ||    75
